 Dungeon Crawl Stone Soup version 0.19-a0-1773-gaa448fe (webtiles) character file.

36943 pokedragonboy the Bludgeoner (level 13, -10/79 HPs)
             Began as a Gargoyle Fighter on Oct 22, 2016.
             Was an Elder of Wudzu.
             Mangled by an entropy weaver (11 damage)
             ... on level 5 of the Lair of Beasts.
             The game lasted 00:41:40 (16184 turns).

pokedragonboy the Bludgeoner (Gargoyle Fighter)    Turns: 16184, Time: 00:41:40

Health: -10/79     AC: 12    Str: 29    XL:     13   Next: 93%
Magic:  22/22      EV: 11    Int: 16    God:    Wudzu [****..]
Gold:   695        SH:  0    Dex:  8    Spells: 0 memorised, 12 levels left

rFire  + . .     SeeInvis .     C - +2 great mace
rCold  . . .     Gourm    .     (armour unavailable)
rNeg   + + .     Faith    .     (shield currently unavailable)
rPois  ∞         Spirit   .     b - +1 hat
rElec  +         Dismiss  .     (cloak unavailable)
rCorr  .         Reflect  .     (gloves unavailable)
MR     .....     Harm     .     D - +2 pair of boots
Stlth  +.........               w - amulet "Wefysiw" {*Corrode +Rage Str+6 Int+6}
                                F - +6 ring of protection
                                J - ring of Vehumet's Favour {rF+ rN+ Dex-2}

@: corroded, flying
A: negative energy resistance 1, electricity resistance, unbreathing,
petrification resistance, rot immunity, AC +9
a: Summon Vines, Renounce Religion, Evoke Berserk Rage


You were on level 5 of the Lair of Beasts.
You worshipped Wudzu.
Wudzu was greatly pleased with you.
You were very hungry.

You visited 3 branches of the dungeon, and saw 17 of its levels.
You also visited: Labyrinth and Ossuary.

You collected 1319 gold pieces.
You spent 624 gold pieces at shops.

Inventory:

Hand Weapons
 C - a +2 great mace (weapon)
 P - a +3 arbalest
Missiles
 g - a throwing net (quivered)
 k - 5 tomahawks of returning
 r - 15 tomahawks
Armour
 b - a +1 hat (worn)
 D - a +2 pair of boots (worn)
Jewellery
 a - an uncursed amulet of rage
 w - the amulet "Wefysiw" (around neck) {*Corrode +Rage Str+6 Int+6}
   (You found it on level 6 of the Dungeon)

   [amulet of rage]

   It affects your strength (+6).
   It affects your intelligence (+6).
   It lets you go berserk.
   It may corrode you when you take damage.
 E - an uncursed ring of see invisible
 F - a +6 ring of protection (right hand)
 J - the ring of Vehumet's Favour (left hand) {rF+ rN+ Dex-2}
   (You found it on level 2 of the Lair of Beasts)

   [ring of dexterity]

   It affects your dexterity (-2).
   It protects you from fire.
   It protects you from negative energy.
Wands
 j - a wand of disintegration (7/24)
 n - a wand of iceblast (11/15)
 y - a wand of digging (5/24)
 B - a wand of disintegration (6/24)
 G - a wand of acid (13/15)
 H - a wand of polymorph (19/24)
 K - a wand of lightning (9/15)
 M - a wand of digging (13/24)
Scrolls
 e - 4 scrolls of fear
 h - 6 scrolls of teleportation
 i - 3 scrolls of recharging
 l - a scroll of summoning
 p - 5 scrolls of fog
 s - 8 scrolls of remove curse
 t - a scroll of magic mapping
 z - a scroll of immolation
 I - a scroll of identify
 O - a scroll of silence
Potions
 d - 2 potions of ambrosia
 q - 2 potions of cure mutation
Books
 A - a book of Debilitation

   Spells                             Type                      Level
   a - Corona                         Hexes                        1
   b - Slow                           Hexes                        2
   c - Gell's Gravitas                Hexes/Translocation          3
   d - Inner Flame                    Hexes/Fire                   3
   e - Cause Fear                     Hexes                        4
   f - Leda's Liquefaction            Hexes/Earth                  4
Comestibles
 c - 6 fruits
 f - 3 bread rations
 L - 6 meat rations


   Skills:
 - Level 8.3 Fighting
 * Level 17.6 Maces & Flails
 - Level 3.4 Armour
   Level 7.2 Shields
 - Level 12.0 Invocations


You had 12 spell levels left.
You didn't know any spells.

Dungeon Overview and Level Annotations

Branches:
Dungeon (11/15)            Temple (1/1) D:4            Lair (5/6) D:11
 Shoals (0/4) Lair:4       Spider (0/4) Lair:4        Slime (0/5) Lair:5
    Orc: D:9-12

Altars:
Ashenzari
Cheibriados
Dithmenos
Fedhas
Okawaru
Sif Muna
Trog
Uskayaw
Vehumet Wudzu
Yredelemnul
The Shining One
Jiyva

Shops:
D:8 *   D:9 *   D:10 [   D:11 %

Annotations:
D:6 1 runed door


Innate Abilities, Weirdness & Mutations

You are resistant to torment.
Your stone body is resilient. (AC +9)
You are immune to poison.
You resist negative energy. (rN+)
You are resistant to electric shocks. (rElec)
You can survive without breathing.
You are immune to petrification.
You are immune to rotting.


Message History

Unknown command.
Your surroundings suddenly seem different.
A basilisk comes into view.
The basilisk hisses angrily.
An entropy weaver comes into view.
The entropy weaver twitches its antennae in your direction.
The basilisk gazes at you.
You easily resist.
The soldier ant twitches its antennae in your direction.
The entropy weaver mumbles some strange words.
The entropic weave corrodes you!
The entropy weaver is struck by your spines.
The entropy weaver closely misses you. The entropy weaver hits you.
* * * LOW HITPOINT WARNING * * *
The entropy weaver hits you!
* * * LOW HITPOINT WARNING * * *
Your corrosive artefact corrodes you!
The entropy weaver closely misses you.
The entropy weaver hits you but does no damage.
The entropy weaver hits you!
You die...

###### ####.##P##
#######.##.#P..####
#..##P..#....P.P#.###
##............P...#..#
#######.............P....#..
#..##.#....@............#...
##....<.#a.a.P..............
####..............l...........
##.##.P........................
#.#...÷........................
###....÷....[...........#.......
#..#...............P.#..........
###................##..#..P#.#...
#.#........(..P#..# ..####..


You could see an entropy weaver, a basilisk and a soldier ant.

Vanquished Creatures
  An entropy weaver (Lair:5)
  Snorg (Lair:4)
  A minotaur (Lab)
  3 hydras
  A catoblepas (Lair:4)
  9 death yaks
  Pikel (D:8)
  2 hill giants (D:11)
  The ghost of VanVeen the Spear-Bearer, a novice MfGl of Wudzu (D:5)
  2 centaur zombies (D:11)
  7 elephants
  4 black mambas
  2 centaur skeletons
  A gargoyle (D:11)
  11 spiny frogs
  2 rime drakes
  3 komodo dragons
  2 two-headed ogres
  2 jumping spiders (Lair:4)
  3 polar bears
  A minotaur zombie (Lab)
  Prince Ribbit (D:7)
  4 dream sheep (Lair:2)
  4 hippogriffs
  Sigmund (D:5)
  18 yaks
  A redback (Lair:4)
  A steam dragon (D:10)
  Eustachio (D:5)
  4 basilisks
  4 soldier ants (Lair:5)
  7 water moccasins
  13 porcupines
  Duvessa (D:7)
  A sky beast (D:8)
  3 orc warriors
  A black bear (D:10)
  A necrophage (D:5)
  A phantom (D:9)
  4 ogres
  9 wolves (Lair:1)
  4 centaurs (Lair:4)
  14 crocodiles
  A big kobold (D:9)
  10 bullfrogs
  Dowan (D:7)
  4 scorpions
  A howler monkey (D:4)
  A wight (D:11)
  A jelly (D:11)
  6 crimson imps
  A gnoll shaman (D:5)
  7 hounds
  A bullfrog skeleton (D:4)
  3 orc priests
  An iron imp (D:7)
  3 orc wizards
  10 iguanas
  18 worker ants
  6 big kobold zombies (Ossuary)
  A hound skeleton (D:11)
  5 mummies (Ossuary)
  3 worker ant zombies
  6 gnolls
  14 adders
  A howler monkey skeleton (D:5)
  36 river rats
  3 shadow imps
  An ooze (D:2)
  2 dart slugs
  8 leopard geckos
  30 orcs
  5 bats
  11 giant cockroaches
  4 goblins
  5 hobgoblins
  4 jackals
  7 kobolds
  3 quokkas
  5 frilled lizards
  2 hobgoblin zombies (Ossuary)
  8 rats
  A butterfly (D:6)
398 creatures vanquished.

Vanquished Creatures (collateral kills)
  A soldier ant (Lair:5)
  A worker ant (Lair:5)
2 creatures vanquished.

Vanquished Creatures (others)
  An ogre (D:8)
  An adder (D:8)
  2 bushes (D:11)
  3 fungi
  5 plants
12 creatures vanquished.

Grand Total: 412 creatures vanquished

Notes
Turn   | Place    | Note
-------+----------+-------------------------------------------
     0 | D:1      | pokedragonboy the Gargoyle Fighter began the quest for the Orb.
     0 | D:1      | Reached XP level 1. HP: 14/14 MP: 1/1
   284 | D:1      | Reached XP level 2. HP: 19/19 MP: 2/2
   703 | D:2      | Found a deep blue altar of Sif Muna.
   743 | D:2      | Reached XP level 3. HP: 17/24 MP: 3/3
  1485 | D:3      | Reached XP level 4. HP: 24/29 MP: 4/4
  1805 | D:3      | Reached skill level 3 in Maces & Flails
  1805 | D:3      | Reached XP level 5. HP: 17/34 MP: 5/5
  2072 | D:3      | Reached skill level 5 in Fighting
  2279 | D:4      | Reached XP level 6. HP: 25/40 MP: 6/6
  2446 | D:4      | Found a staircase to the Ecumenical Temple.
  2474 | Temple   | Entered the Ecumenical Temple
  2487 | Temple   | Became a worshipper of Wudzu the Untamed
  2620 | D:4      | Reached skill level 5 in Shields
  2636 | D:4      | Reached XP level 7. HP: 39/46 MP: 7/7
  2638 | D:4      | Found a sand-covered staircase.
  2653 | Ossuary  | Entered an ossuary
  2672 | Ossuary  | Reached skill level 4 in Maces & Flails
  2889 | Ossuary  | Reached skill level 1 in Invocations
  3103 | D:5      | Entered Level 5 of the Dungeon
  3109 | D:5      | Noticed Sigmund
  3124 | D:5      | Killed Sigmund
  3239 | D:5      | Noticed Eustachio
  3240 | D:5      | Noticed VanVeen's ghost (novice MfGl)
  3246 | D:5      | Reached * piety under Wudzu
  3246 | D:5      | Reached XP level 8. HP: 51/53 MP: 9/9
  3304 | D:5      | Killed Eustachio
  3379 | D:5      | Reached skill level 5 in Maces & Flails
  3699 | D:5      | Killed VanVeen's ghost
  3699 | D:5      | Reached skill level 5 in Invocations
  3699 | D:5      | Reached XP level 9. HP: 37/59 MP: 11/13
  4130 | D:6      | Found a runed door.
  4140 | D:6      | Found a runed door.
  4142 | D:6      | Reached ** piety under Wudzu
  4195 | D:6      | Found a glowing golden altar of the Shining One.
  4434 | D:6      | Got a heavily runed iron amulet
  4435 | D:6      | Identified the amulet "Wefysiw" {*Corrode +Rage Str+6 Int+6} (You found it on level 6 of the Dungeon)
  4616 | D:7      | Noticed a two-headed ogre
  4622 | D:7      | Killed a two-headed ogre
  4729 | D:7      | Gained mutation: Your body sometimes deteriorates upon taking damage. [potion of mutation]
  4729 | D:7      | Gained mutation: You are agile. (Dex +2) [potion of mutation]
  4730 | D:7      | Lost mutation: You are agile. (Dex +2) [potion of cure mutation]
  4730 | D:7      | Lost mutation: Your body sometimes deteriorates upon taking damage. [potion of cure mutation]
  4774 | D:7      | Noticed Prince Ribbit
  4786 | D:7      | Killed Prince Ribbit
  4786 | D:7      | Reached skill level 6 in Maces & Flails
  4902 | D:7      | Found a basalt altar of Yredelemnul.
  4904 | D:7      | Found a shattered altar of Ashenzari.
  4906 | D:7      | Found a glowing golden altar of the Shining One.
  4906 | D:7      | Found a bloodstained altar of Trog.
  4912 | D:7      | Found a hide-covered altar of Uskayaw.
  4950 | D:7      | Noticed Duvessa
  4950 | D:7      | Noticed Dowan
  4952 | D:7      | Killed Dowan
  4957 | D:7      | Killed Duvessa
  5329 | D:7      | Found a snail-covered altar of Cheibriados.
  5435 | D:8      | Found Puluf's General Store.
  5471 | D:8      | Reached skill level 7 in Maces & Flails
  5673 | D:8      | Noticed Pikel
  5678 | D:8      | Killed Pikel
  5678 | D:8      | Reached skill level 8 in Maces & Flails
  5678 | D:8      | Reached XP level 10. HP: 58/64 MP: 15/15
  6012 | D:8      | Found a shadowy altar of Dithmenos.
  6694 | D:9      | Found Odiunwit's Assorted Antiques.
  6789 | D:9      | Reached skill level 9 in Maces & Flails
  7244 | D:8      | Bought a scroll of acquirement for 624 gold pieces
  7295 | D:10     | Entered Level 10 of the Dungeon
  7347 | D:10     | Reached *** piety under Wudzu
  7490 | D:10     | Found Eruannef's Armour Boutique.
  7790 | D:11     | Noticed a hill giant
  7796 | D:11     | Killed a hill giant
  7796 | D:11     | Reached skill level 10 in Maces & Flails
  7832 | D:11     | Noticed a seven-headed hydra
  7846 | D:11     | Found Jexeqas's Food Shop.
  7851 | D:11     | Noticed a hill giant
  7869 | D:11     | Killed a hill giant
  7869 | D:11     | Reached XP level 11. HP: 37/69 MP: 18/18
  7873 | D:11     | Reached skill level 11 in Maces & Flails
  8043 | D:11     | Reached skill level 10 in Invocations
  8296 | D:11     | Found a staircase to the Lair.
  8454 | D:11     | Reached **** piety under Wudzu
  8631 | D:11     | Killed a seven-headed hydra
  8631 | D:11     | Reached skill level 12 in Maces & Flails
  9231 | Lair:1   | Entered Level 1 of the Lair of Beasts
  9326 | Lair:1   | HP: 3/69 [spiny frog (14)]
  9942 | Lair:1   | Reached XP level 12. HP: 68/75 MP: 20/20
 10171 | Lair:1   | Reached skill level 13 in Maces & Flails
 11119 | Lair:2   | Noticed an eight-headed hydra
 11130 | Lair:2   | Killed an eight-headed hydra
 11709 | Lair:2   | Reached ***** piety under Wudzu
 12029 | Lair:2   | Reached skill level 14 in Maces & Flails
 12228 | Lair:2   | Got a pitted bone ring
 12234 | Lair:2   | Identified the cursed ring of Vehumet's Favour {rF+ rN+ Dex-2} (You found it on level 2 of the Lair of Beasts)
 12444 | Lair:3   | Found a labyrinth entrance.
 12455 | Lab      | Entered a labyrinth
 12491 | Lab      | Noticed a minotaur
 12504 | Lab      | Killed a minotaur
 12926 | Lair:3   | Noticed a death yak
 12926 | Lair:3   | Noticed a death yak
 12927 | Lair:3   | Noticed a death yak
 12928 | Lair:3   | Noticed a death yak
 12949 | Lair:3   | Killed a death yak
 12952 | Lair:3   | Noticed a death yak
 12960 | Lair:3   | Killed a death yak
 12966 | Lair:3   | Killed a death yak
 12966 | Lair:3   | Reached skill level 15 in Maces & Flails
 12973 | Lair:3   | Killed a death yak
 12973 | Lair:3   | Reached XP level 13. HP: 79/79 MP: 22/22
 13709 | Lair:4   | Reached skill level 16 in Maces & Flails
 13724 | Lair:4   | Noticed Snorg
 13745 | Lair:4   | Killed Snorg
 14382 | Lair:4   | Found a staircase to the Shoals.
 14511 | Lair:4   | Found a hole to the Spider Nest.
 15611 | Lair:5   | Found a viscous altar of Jiyva.
 15611 | Lair:5   | Found a staircase to the Slime Pits.
 15692 | Lair:5   | Reached skill level 17 in Maces & Flails
 16142 | Lair:5   | Noticed an entropy weaver
 16162 | Lair:5   | Killed an entropy weaver
 16181 | Lair:5   | Noticed an entropy weaver
 16184 | Lair:5   | HP: 1/79 [entropy weaver (8)]
 16184 | Lair:5   | Mangled by an entropy weaver

Vault maps used:
D:1:      dpeg_chamrin_arrival_tetris
D:2:      lemuel_round_altar
D:3:      first_bread
D:4:      enter_ossuary_1
D:5:      uniq_eustachio, uniq_sigmund
D:6:      lemuel_insect_pit, basic_altar
D:7:      slow_altar_2, minitemple, uniq_prince_ribbit1, uniq_duvessa
D:8:      serial_shops, nicolae_shop_crystal, grunt_decor_mini_mirrors,
          grunt_dithmenos_smoke, uniq_pikel
D:9:      serial_shops, shop_statue
D:10:     serial_shops, nicolae_shop_statue_plus
D:11:     minmay_lair_entry_grove, serial_shops, shop
Temple:   regret_index_temple_waves
Lair:1:   st_stairs_8, beast_lair_carwin_9, serial_bayou_shore_a
Lair:2:   gammafunk_lair_bear_cave, nicolae_quartered_pool_medium,
          bh_autumn_forest_stairs
Lair:3:   lab_entry_generic, roderic_lost_polar_bear,
          infiniplex_staircase_pool_2
Lair:4:   minmay_shoals_entry_centaurs, spider_nest_entry_funnel_web,
          grunt_forest_small_clearings, grunt_megastairs_1, uniq_snorg
Lair:5:   dpeg_slime_entry_enclosed_altar, zaba_anthell
Lab:      labyrinth_hidden_loot, labyrinth_skeletal_remains,
          nicolae_lab_diamond, nicolae_lab_arrow, lab_statue
Ossuary:  ossuary_the_hunt_dpeg

Skill      XL: |  1  2  3  4  5  6  7  8  9 10 11 12 13 |
---------------+----------------------------------------+-----
Fighting       | 4 5 6 7 8 |  8.3
Shields        | 4 5 6 7 |  7.2
Maces & Flails | 3 4 5 8 10 12 15 17 | 17.6
Invocations    | 2 5 7 9 11 12 | 12.0
Armour         | |  3.4

Action                   |  1- 3 |  4- 6 |  7- 9 | 10-12 | 13-15 || total
-------------------------+-------+-------+-------+-------+-------++-------
Melee: Flail             |   130 |   220 |   301 |       |       ||   651
       Great mace        |       |       |    36 |   412 |   209 ||   657
Invok: Vestment of Thorn |       |       |     2 |       |       ||     2
       Summon Vines      |       |       |       |     1 |     5 ||     6
       Regalia of Thorns |       |       |       |     1 |       ||     1
       Briar Patch       |       |       |       |       |     1 ||     1
Evoke: Wand              |       |       |       |     2 |     1 ||     3
  Use: Scroll            |    10 |     3 |    10 |    20 |     1 ||    44
       Potion            |       |     3 |     9 |    14 |     8 ||    34
 Stab: Sleeping          |       |       |     4 |       |       ||     4
       Distracted        |       |       |     1 |     1 |       ||     2
       Held in net/web   |       |       |     1 |       |       ||     1
       Invisible         |       |       |       |     2 |       ||     2
  Eat: Bread ration      |     1 |       |     2 |     2 |     1 ||     6
       Pizza             |       |     1 |       |       |       ||     1
       Meat ration       |       |       |     1 |     2 |     1 ||     4
       Chunk             |       |       |     1 |       |       ||     1
       Beef jerky        |       |       |       |     2 |       ||     2
Armor: Scale mail        |    35 |       |       |       |       ||    35
       Chain mail        |    52 |     4 |       |       |       ||    56
       Plate armour      |       |   238 |       |       |       ||   238
       Skin              |       |     1 |   137 |   307 |   188 ||   633
Dodge: Dodged            |    45 |    47 |   109 |   244 |   128 ||   573
Block: Shield            |    76 |   141 |   142 |       |       ||   359
